Map: Prion Terraces

Players

ROCCATHyuN (HyuN)

  • Race: Zerg Zerg

MyuNgSiK - Winner!

  • Race: Protoss Protoss
  • League: Grandmaster

Event: Gauntlet LotV Series 1 Qualifier 2

VOD

Have the link to the VOD?

Description

Time

  • Played on: Dec. 5, 2015, 3:13 p.m.
  • Length: 10:48

All games in this series

Show
View Real Time Build Order
Export as new Build Order

ROCCATHyuN Zerg 

Build Orders: 3 Hatch before Pool 

Get SALT Encoding   

  12  0:00  Drone  
  13  0:13  Overlord  
  13  0:18  Drone  
  14  0:31  Drone x2  
  16  0:36  Drone  
  17  0:54  Hatchery  
  17  0:56  Drone  
  17  0:59  Drone  
  18  1:21  Drone  
  18  1:24  Hatchery  
  18  1:32  Extractor  
  17  1:37  Spawning Pool  
  16  1:40  Drone  
  16  1:43  Drone  
  16  1:47  Drone  
  19  1:53  Drone  
  20  2:02  Drone  
  21  2:10  Drone  
  21  2:14  Overlord  
  22  2:18  Drone  
  23  2:25  Queen x2  
  28  2:30  Drone  
  28  2:34  Metabolic Boost  
  28  2:39  Queen  
  28  2:43  Drone  
  32  2:44  Zergling x2  
  32  2:46  Zergling x2  
  32  2:50  Zergling x2  
  34  2:53  Overlord  
  34  2:55  Overlord  
  34  3:03  Extractor  
  32  3:12  Drone x5  
  38  3:13  Drone  
  38  3:15  Drone  
  38  3:17  Drone  
  41  3:22  Extractor  
  41  3:24  Roach Warren  
  41  3:25  Drone  
  40  3:29  Drone x2  
  40  3:32  Drone  
  43  3:38  Drone  
  43  3:39  Drone  
  45  3:41  Drone  
  45  3:42  Drone  
  45  3:43  Drone x3  
  45  3:48  Overlord  
  50  3:49  Overlord  
  50  3:52  Overlord  
  50  4:06  Queen  
  50  4:07  Drone  
  50  4:09  Roach x5  
  63  4:13  Roach  
  63  4:14  Roach  
  67  4:19  Extractor  
  67  4:20  Overlord x2  
  67  4:21  Overlord  
  66  4:28  Roach  
  66  4:29  Roach x2  
  72  4:33  Drone x2  
  72  4:34  Overlord x2  
  74  4:42  Drone x3  
  74  4:43  Drone  
  78  4:49  Drone  
  78  4:50  Drone x6  
  85  4:57  Extractor  
  85  4:58  Lair, Extractor, Queen  
  85  5:01  Queen  
  85  5:03  Drone  
  88  5:09  Extractor  
  87  5:15  Ravager  
  87  5:17  Drone x5  
  84  5:22  Drone  
  84  5:23  Drone x2  
  84  5:24  Drone x7  
  94  5:39  Zergling x10  
  97  5:58  Hatchery  
  97  6:02  Drone x2  
  98  6:06  Spire  
  98  6:07  Drone x2  
  99  6:13  Overseer  
  99  6:24  Extractor  
  93  6:25  Extractor  
  93  6:30  Drone x2  
  93  6:31  Glial Reconstitution  
  94  6:49  Spore Crawler  
  94  6:51  Overlord x8  
  93  6:56  Spore Crawler  
  93  7:00  Spore Crawler  
  88  7:21  Zerg Flyer Armor Level 1  
  88  7:25  Corruptor x9  
  106  7:37  Roach x5  
  111  7:49  Ravager x6  
  111  7:50  Roach x11  
  111  7:51  Roach x6  
  151  8:08  Overlord x5  
  151  8:12  Overseer  
  151  8:28  Hydralisk Den  
  151  8:31  Zergling x18  
  151  8:32  Zergling x8  
  156  8:35  Ravager  
  156  8:36  Ravager x7  
  160  8:41  Corruptor x2  
  160  8:43  Zergling x4  
  160  8:44  Zergling x10  
  160  8:47  Zergling x4  
  173  9:05  Lurker Den  
  173  9:10  Evolution Chamber  
  173  9:11  Zergling x4  
  173  9:12  Zergling x22  
  134  9:39  Hydralisk x6  
  134  9:40  Hydralisk x4  
  150  10:07  Hatchery  
  150  10:09  Overlord x3  
  150  10:13  Hatchery  
Show
View Real Time Build Order
Export as new Build Order

MyuNgSiK Protoss - Winner!

Build Orders: 1 Gate Expand 

Get SALT Encoding   

  12  0:01  Probe (Chrono Boost)  
  13  0:11  Probe (Chrono Boost)  
  14  0:18  Pylon  
  14  0:22  Probe (Chrono Boost)  
  15  0:37  Probe (Chrono Boost)  
  15  0:38  Gateway  
  15  0:42  Assimilator  
  16  0:47  Probe (Chrono Boost)  
  17  0:58  Probe (Chrono Boost)  
  18  1:08  Probe (Chrono Boost)  
  19  1:19  Probe (Chrono Boost)  
  19  1:23  Nexus  
  20  1:31  Cybernetics Core  
  20  1:34  Probe (Chrono Boost)  
  20  1:39  Assimilator  
  21  1:44  Probe (Chrono Boost)  
  22  1:50  Pylon  
  22  1:55  Probe (Chrono Boost)  
  24  2:08  Probe (Chrono Boost), Adept, Warp Gate  
  28  2:23  Mothership Core (Chrono Boost)  
  28  2:35  Probe (Chrono Boost)  
  29  2:37  Adept  
  29  2:41  Probe (Chrono Boost)  
  29  2:42  Robotics Facility  
  32  2:45  Probe (Chrono Boost)  
  33  2:52  Probe (Chrono Boost)  
  33  2:56  Probe (Chrono Boost)  
  35  3:01  Pylon  
  35  3:02  Probe (Chrono Boost)  
  36  3:06  Probe (Chrono Boost)  
  37  3:13  Probe (Chrono Boost)  
  37  3:17  Probe (Chrono Boost)  
  39  3:20  Gateway  
  39  3:23  Gateway, Probe (Chrono Boost)  
  40  3:27  Probe (Chrono Boost)  
  40  3:29  Robotics Bay  
  42  3:34  Probe (Chrono Boost)  
  42  3:39  Warp Prism  
  44  3:42  Probe (Chrono Boost)  
  44  3:44  Probe (Chrono Boost)  
  44  3:47  Pylon  
  46  3:52  Probe (Chrono Boost)  
  46  3:55  Probe (Chrono Boost)  
  48  4:03  Probe (Chrono Boost), Assimilator x2  
  48  4:05  Probe (Chrono Boost)  
  48  4:09  Gravitic Drive  
  50  4:13  Probe (Chrono Boost)  
  50  4:14  Pylon  
  50  4:16  Probe (Chrono Boost), Disruptor (Chrono Boost)  
  55  4:25  Probe  
  55  4:28  Probe  
  57  4:37  Probe, Nexus  
  58  4:40  Probe  
  58  4:42  Adept x2  
  63  4:48  Observer (Chrono Boost)  
  63  4:50  Probe  
  63  4:52  Probe, Pylon  
  66  4:57  Stargate  
  66  4:59  Stargate  
  66  5:02  Probe  
  66  5:04  Probe  
  68  5:07  Pylon  
  68  5:18  Observer (Chrono Boost)  
  68  5:19  Probe x2 (Chrono Boost)  
  71  5:23  Forge  
  71  5:25  Twilight Council  
  71  5:30  Probe (Chrono Boost)  
  71  5:33  Probe (Chrono Boost)  
  73  5:37  Gateway  
  73  5:38  Gateway  
  73  5:40  Probe (Chrono Boost)  
  74  5:44  Gateway  
  74  5:47  Phoenix x2 (Chrono Boost)  
  78  6:02  Probe  
  78  6:03  Probe x2  
  81  6:06  Protoss Ground Weapons Level 1 (Chrono Boost)  
  81  6:07  Blink  
  81  6:08  Assimilator  
  81  6:09  Assimilator  
  81  6:11  Pylon  
  81  6:12  Pylon, Phoenix (Chrono Boost)  
  81  6:16  Phoenix (Chrono Boost)  
  85  6:26  Probe  
  85  6:27  Probe x2  
  88  6:44  Gateway x2  
  88  6:45  Stalker x3  
  94  6:47  Pylon  
  94  6:49  Pylon  
  94  6:51  Photon Cannon  
  94  6:55  Pylon  
  94  6:57  Pylon  
  94  7:02  Stalker x3  
  100  7:11  Stalker x3  
  100  7:14  Pylon  
  106  7:17  Pylon  
  106  7:26  Stalker x3  
  110  7:44  Stalker x3  
  110  7:50  Phoenix  
  116  7:53  Phoenix  
  116  7:56  Stalker x4  
  116  7:57  Stalker  
  130  8:09  Stalker x3  
  130  8:12  Phoenix  
  134  8:16  Pylon  
  134  8:17  Pylon  
  134  8:18  Disruptor, Phoenix  
  141  8:29  Stalker x5  
  137  8:44  Stalker x3  
  142  8:53  Nexus  
  145  8:57  Pylon  
  145  8:59  Stalker, Pylon  
  145  9:00  Stalker x4  
  155  9:05  Immortal  
  156  9:22  Stalker x4  
  156  9:23  Stalker x4  
  159  9:39  Pylon  
  159  9:41  Pylon  
  159  9:50  Stalker x4  
  159  9:51  Stalker x3  
  173  10:02  Stalker  
  173  10:07  Robotics Facility  
  171  10:22  Stalker  
  171  10:23  Stalker x5  
  170  10:36  Stalker  
  170  10:37  Stalker  
Tags
 
Add a new tag
Caveats
  • Supply blocks, unpowered buildings, or Contaminate may cause inaccurate times.
  • Supply counts are checked every 10 seconds.